 Dungeon Crawl Stone Soup version 0.25.0-9-g26727b657a (webtiles) character file.

Game seed: 11542877333754378616

186 mopl the Cleaver (level 5, -1/45 HPs)
             Began as a Hill Orc Monk on June 18, 2020.
             Slain by an iguana (2 damage)
             ... on level 3 of the Dungeon.
             The game lasted 00:02:50 (1619 turns).

mopl the Cleaver (Hill Orc Monk)                    Turns: 1619, Time: 00:02:51

Health: -1/45      AC:  6    Str: 15    XL:     5   Next: 65%
Magic:  5/5        EV: 10    Int: 10    God:
Gold:   135        SH:  0    Dex: 13    Spells: 4/4 levels left

rFire    . . .     SeeInvis .   a - +0 hand axe
rCold    . . .     Gourm    .   (no shield)
rNeg     . . .     Faith    .   u - +0 scale mail
rPois    .         Spirit   .   (no helmet)
rElec    .         Reflect  .   (no cloak)
rCorr    .         Harm     .   (no gloves)
MR       .....                  (no boots)
Stlth    ..........             j - amulet of regeneration
HPRegen  0.55/turn              (no ring)
MPRegen  0.09/turn              (no ring)

@: no status effects
A: no striking features
a: no special abilities


You were on level 3 of the Dungeon.
You were not hungry.

You visited 1 branch of the dungeon, and saw 4 of its levels.

You collected 135 gold pieces.

Inventory:

Hand Weapons
 a - a +0 hand axe (weapon)
Missiles
 o - 3 atropa-tipped darts (quivered)
Armour
 u - a +0 scale mail (worn)
Jewellery
 j - an amulet of regeneration (around neck)
 t - an uncursed amulet of the acrobat {unknown}
Wands
 q - a wand of acid (6)
Scrolls
 e - 2 scrolls of identify {unknown}
 g - a scroll of immolation {unknown}
 l - 2 scrolls of teleportation {unknown}
 m - 2 scrolls of remove curse {unknown}
 p - a scroll of enchant armour {unknown}
 r - a scroll of amnesia {unknown}
 s - a scroll of enchant weapon {unknown}
Potions
 b - a potion of degeneration {unknown}
 h - a potion of haste {unknown}
 i - a potion of brilliance {unknown}
 k - 2 potions of ambrosia {unknown}
 n - a potion of heal wounds {unknown}
Comestibles
 c - 6 rations


   Skills:
 - Level 3.6 Fighting
 + Level 8.1 Axes
 - Level 2.4 Dodging
 - Level 1.5 Stealth


You had 4 spell levels left.
You didn't know any spells.
Your spell library was empty.

Dungeon Overview and Level Annotations

Branches:
Dungeon (4/15)
 Temple: D:4-7

Altars:
Gozag
Zin

Annotations:
D:2 1 runed translucent door, Crazy Yiuf


Message History

The iguana bites you.
You hit the iguana.
The iguana is severely wounded.
The iguana bites you!
* * * LOW HITPOINT WARNING * * *
You hit the iguana.
The iguana is almost dead.
The iguana closely misses you.
You hit the iguana but do no damage.
The iguana is almost dead.
The iguana bites you.
* * * LOW HITPOINT WARNING * * *
You hit the iguana but do no damage.
The iguana is almost dead.
The iguana bites you.
* * * LOW HITPOINT WARNING * * *
You hit the iguana.
The iguana is almost dead.
The iguana bites you.
You die...

.....#
.......
.....#
......
.....#
.....
.....#
...#
...<.+
#.b#
.....#
#gK#
....##
#o#
###.^.
#l#
#####
#@# #.#
#..
####


You could see an iguana, an orc, a goblin, a bat and a kobold.

Vanquished Creatures
  A hound (D:2)
  An iguana (D:4)
  2 gnolls (D:3)
  2 adders
  An ooze (D:2)
  3 worms
  4 dart slugs
  4 leopard geckos
  2 orcs (D:3)
  12 bats
  6 giant cockroaches
  4 goblins
  5 hobgoblins
  4 jackals (D:2)
  A quokka (D:3)
  A ball python (D:2)
  6 frilled lizards
  4 kobolds
  8 rats
71 creatures vanquished.

Notes
Turn   | Place    | Note
-------+----------+-------------------------------------------
     0 | D:1      | mopl the Hill Orc Monk began the quest for the Orb.
     0 | D:1      | Reached XP level 1. HP: 19/19 MP: 1/1
    75 | D:1      | Reached XP level 2. HP: 25/26 MP: 2/2
   131 | D:1      | Reached skill level 5 in Axes
   416 | D:1      | Reached XP level 3. HP: 28/31 MP: 3/3
   621 | D:2      | Found a glowing silver altar of Zin.
   621 | D:2      | Found an opulent altar of Gozag.
   630 | D:2      | Reached skill level 6 in Axes
   747 | D:2      | Reached XP level 4. HP: 22/39 MP: 4/4
   854 | D:2      | Reached skill level 7 in Axes
  1248 | D:2      | Found a runed translucent door.
  1249 | D:2      | Noticed Crazy Yiuf
  1296 | D:3      | Reached XP level 5. HP: 45/45 MP: 5/5
  1555 | D:4      | Reached skill level 8 in Axes
  1583 | D:4      | Noticed an ogre
  1618 | D:3      | HP: 1/45 [iguana (6)]
  1619 | D:3      | Slain by an iguana

Illustrated notes

Levels and vault maps discovered:
D:1:      scummos_arrival_forest, layout_rooms, minmay_vboxes
D:2:      layout_loops_ring, grunt_temple_overflow_gold_and_silver,
          minmay_tetromino_t2, uniq_crazy_yiuf_cottage
D:3:      layout_basic, first_ration, chequers_ecumenical_altar_simple_redux,
          uniq_sigmund
D:4:      layout_basic, lemuel_blue_sif_altar, xom_teletrap_fun, serial_shops,
          shop

Skill      XL: |  1  2  3  4  5 |
---------------+----------------+-----
Axes           | 5 6 7 8 |  8.1
Fighting       | |  3.6
Dodging        | |  2.4
Stealth        | |  1.5

Action                   |  1- 3 |  4- 6 || total
-------------------------+-------+-------++-------
Melee: Hand axe          |   125 |   173 ||   298
  Eat: Chunk             |       |     3 ||     3
Armor: Ring mail         |    52 |    48 ||   100
       Scale mail        |       |     6 ||     6
Dodge: Dodged            |    68 |    98 ||   166
